[ AOE2 MATCH · #474516709 ]
UnrankedMongols vs Turks
[ REPLAY ANALYSIS · EXTRACTED FROM THE RECORDED GAME ]
Feudal
10:39
Castle
15:07
Imperial
31:15
| APM avg | 21.3 |
| APM peak | 95 |
| eAPM avg | 11.4 |
| Villagers / military | 172 / 40 |
Focus
⚔️ 12.1% · 🌾 87.9%
Mangudai ×35 · Battering Ram ×5
Feudal
12:37
Castle
16:24
Imperial
29:53
| APM avg | 12.0 |
| APM peak | 41 |
| eAPM avg | 9.8 |
| Villagers / military | 72 / 47 |
Focus
⚔️ 21.0% · 🌾 79.0%
Janissary ×44 · Bombard Cannon ×3
Feudal
11:23
Castle
15:19
Imperial
30:32
| APM avg | 26.3 |
| APM peak | 83 |
| eAPM avg | 13.9 |
| Villagers / military | 140 / 146 |
Focus
⚔️ 17.3% · 🌾 82.7%
Tarkan ×142 · Petard ×3 · Monk ×1 · Trade Cart ×1
Feudal
10:37
Castle
17:15
Imperial
38:19
| APM avg | 17.9 |
| APM peak | 36 |
| eAPM avg | 12.9 |
| Villagers / military | 110 / 59 |
Focus
⚔️ 18.4% · 🌾 81.6%
Samurai ×28 · Spearman ×19 · Skirmisher ×6 · Trade Cart ×6 · Monk ×2 · Battering Ram ×2
Feudal
11:23
Castle
16:22
Imperial
37:31
| APM avg | 13.2 |
| APM peak | 51 |
| eAPM avg | 9.2 |
| Villagers / military | 89 / 37 |
Focus
⚔️ 15.5% · 🌾 84.5%
Leitis ×32 · Monk ×3 · Battering Ram ×2
Feudal
11:29
Castle
16:34
Imperial
32:09
| APM avg | 13.6 |
| APM peak | 43 |
| eAPM avg | 9.8 |
| Villagers / military | 122 / 39 |
Focus
⚔️ 16.9% · 🌾 83.1%
Genoese Crossbowman ×31 · Bombard Cannon ×5 · Monk ×3
Feudal
10:55
Castle
18:06
Imperial
32:52
| APM avg | 10.9 |
| APM peak | 31 |
| eAPM avg | 10.1 |
| Villagers / military | 106 / 38 |
Focus
⚔️ 19.6% · 🌾 80.4%
Scout Cavalry ×22 · Knight ×15 · Monk ×1
Feudal
10:46
Castle
21:05
Imperial
31:09
| APM avg | 15.5 |
| APM peak | 38 |
| eAPM avg | 11.4 |
| Villagers / military | 67 / 74 |
Focus
⚔️ 34.7% · 🌾 65.3%
Hand Cannoneer ×66 · Trebuchet (Packed) ×4 · Spearman ×3 · Trade Cart ×2 · Monk ×1
Match map
Initial resources + every placement click. Lines = walls · curves = elevation contours. ◆ gold · ⬟ stone · ● berries · ✦ relic · ◌ wall gap
Your base· ✓ Closed at 15:07 · 0t walls · 3 gate(s)
AlanBraga's base· ✓ Closed at 16:24 · 0t walls · 2 gate(s)
-dZ-Slain::.'s base· ✓ Closed at 15:19 · 0t walls · 2 gate(s)
MK's base· ✓ Closed at 17:15 · 0t walls · 3 gate(s)
Biggy's base· ✓ Closed at 16:22 · 58t walls · 8 gate(s)
vserna.cas's base· ✓ Closed at 16:34 · 1t walls · 5 gate(s)
WALTER SINGH's base· ✓ Closed at 18:06 · 0t walls · 2 gate(s)
dsadqda's base· ✓ Closed at 21:05 · 0t walls · 3 gate(s)
Smoothed initial terrain · ◌ = detected wall gap · hover for details
Inputs per minute
— Shazam - - AlanBraga
Build order — Shazam
First 150 of 291 actions detected
| 0:02 | Create | Villager (Male) ×4 |
| 0:02 | Create | Villager (Male) ×4 |
| 0:05 | Build | House |
| 0:07 | Build | House |
| 1:53 | Build | Lumber Camp |
| 1:56 | Create | Villager (Male) |
| 1:56 | Create | Villager (Male) |
| 1:57 | Create | Villager (Male) |
| 2:07 | Create | Villager (Male) |
| 2:07 | Create | Villager (Male) |
| 2:07 | Create | Villager (Male) |
| 2:30 | Create | Villager (Male) |
| 2:30 | Create | Villager (Male) |
| 2:30 | Create | Villager (Male) |
| 3:08 | Create | Villager (Male) |
| 3:08 | Create | Villager (Male) |
| 3:08 | Create | Villager (Male) |
| 3:09 | Create | Villager (Male) |
| 3:18 | Build | House |
| 4:16 | Build | Mill |
| 4:19 | Create | Villager (Male) |
| 4:19 | Create | Villager (Male) |
| 4:19 | Create | Villager (Male) |
| 4:20 | Create | Villager (Male) |
| 5:06 | Create | Villager (Male) |
| 5:06 | Create | Villager (Male) |
| 5:06 | Create | Villager (Male) |
| 5:06 | Create | Villager (Male) |
| 5:06 | Create | Villager (Male) |
| 6:07 | Build | House |
| 6:16 | Create | Villager (Male) |
| 6:16 | Create | Villager (Male) |
| 6:17 | Create | Villager (Male) |
| 7:17 | Create | Villager (Male) |
| 7:21 | Build | Mining Camp |
| 7:45 | Create | Villager (Male) |
| 7:46 | Research | Feudal Age |
| 8:44 | Build | House |
| 10:05 | Create | Villager (Male) |
| 10:05 | Create | Villager (Male) |
| 10:26 | Build | Farm |
| 10:29 | Build | Farm |
| 10:33 | Build | Farm |
| 10:37 | Build | Farm |
| 10:39 | Age | Feudal Age |
| 10:50 | Build | Blacksmith |
| 10:53 | Create | Villager (Male) |
| 10:53 | Create | Villager (Male) |
| 11:31 | Build | Market |
| 12:02 | Create | Villager (Male) |
| 12:19 | Build | House |
| 12:26 | Research | Castle Age |
| 13:56 | Build | Barracks |
| 14:12 | Research | Double-Bit Axe |
| 14:15 | Research | Horse Collar |
| 14:42 | Create | Villager (Male) |
| 14:42 | Create | Villager (Male) |
| 14:56 | Build | House |
| 15:07 | Age | Castle Age |
| 15:11 | Create | Villager (Male) |
| 15:12 | Create | Villager (Male) |
| 15:12 | Create | Villager (Male) |
| 15:42 | Build | Town Center |
| 15:51 | Create | Villager (Male) |
| 15:51 | Create | Villager (Male) |
| 15:51 | Create | Villager (Male) |
| 16:11 | Build | Town Center |
| 16:26 | Build | Farm |
| 16:51 | Build | Farm |
| 16:58 | Create | Villager (Male) |
| 16:58 | Create | Villager (Male) |
| 16:58 | Create | Villager (Male) |
| 16:58 | Create | Villager (Male) |
| 16:59 | Create | Villager (Male) |
| 17:14 | Build | Farm |
| 17:21 | Create | Villager (Male) |
| 17:21 | Create | Villager (Male) |
| 17:22 | Create | Villager (Male) |
| 17:22 | Create | Villager (Male) |
| 17:51 | Build | Farm |
| 17:54 | Create | Villager (Male) |
| 17:55 | Create | Villager (Male) |
| 18:01 | Create | Villager (Male) |
| 18:01 | Create | Villager (Male) |
| 18:15 | Create | Villager (Male) |
| 18:15 | Create | Villager (Male) |
| 18:15 | Create | Villager (Male) |
| 18:36 | Build | Farm |
| 18:41 | Create | Villager (Male) |
| 18:41 | Create | Villager (Male) |
| 18:42 | Create | Villager (Male) |
| 18:55 | Create | Villager (Male) |
| 18:55 | Create | Villager (Male) |
| 18:59 | Create | Villager (Male) |
| 19:00 | Create | Villager (Male) |
| 19:11 | Build | Farm |
| 19:26 | Build | Farm |
| 19:32 | Create | Villager (Male) |
| 19:32 | Create | Villager (Male) |
| 19:58 | Build | Farm |
| 20:00 | Create | Villager (Male) |
| 20:00 | Create | Villager (Male) |
| 20:01 | Create | Villager (Male) |
| 20:02 | Create | Villager (Male) |
| 20:04 | Build | Farm |
| 20:11 | Build | House |
| 20:13 | Build | House |
| 20:17 | Create | Villager (Male) |
| 20:17 | Create | Villager (Male) |
| 20:33 | Create | Villager (Male) |
| 20:34 | Create | Villager (Male) |
| 20:39 | Build | House |
| 20:46 | Build | Farm |
| 20:48 | Create | Villager (Male) |
| 20:48 | Create | Villager (Male) |
| 20:56 | Create | Villager (Male) |
| 20:56 | Create | Villager (Male) |
| 20:56 | Create | Villager (Male) |
| 20:56 | Create | Villager (Male) |
| 21:25 | Build | Archery Range |
| 21:36 | Build | University |
| 21:40 | Create | Villager (Male) |
| 21:40 | Create | Villager (Male) |
| 21:42 | Create | Villager (Male) |
| 21:42 | Create | Villager (Male) |
| 21:49 | Create | Villager (Male) |
| 21:56 | Build | Farm |
| 22:16 | Build | Castle |
| 22:23 | Create | Villager (Male) |
| 22:23 | Create | Villager (Male) |
| 22:27 | Build | Farm |
| 22:29 | Create | Villager (Male) |
| 22:29 | Create | Villager (Male) |
| 22:34 | Build | Farm |
| 22:37 | Build | Farm |
| 22:42 | Create | Villager (Male) |
| 22:52 | Build | House |
| 22:53 | Build | House |
| 22:54 | Build | House |
| 22:55 | Build | House |
| 23:04 | Build | Archery Range |
| 23:29 | Create | Villager (Male) |
| 23:32 | Research | Wheelbarrow |
| 23:32 | Create | Villager (Male) |
| 23:32 | Create | Villager (Male) |
| 23:38 | Build | Farm |
| 23:42 | Create | Villager (Male) |
| 23:42 | Create | Villager (Male) |
| 24:05 | Create | Villager (Male) |
| 24:05 | Create | Villager (Male) |
Build order — AlanBraga
First 150 of 203 actions detected
| 0:05 | Create | Villager (Male) |
| 0:05 | Create | Villager (Male) |
| 0:06 | Create | Villager (Male) |
| 0:06 | Create | Villager (Male) |
| 0:06 | Create | Villager (Male) |
| 0:10 | Build | House |
| 0:13 | Build | House |
| 1:53 | Build | Lumber Camp |
| 1:55 | Create | Villager (Male) |
| 1:56 | Create | Villager (Male) |
| 2:22 | Create | Villager (Male) |
| 2:28 | Create | Villager (Male) |
| 3:16 | Create | Villager (Male) |
| 3:42 | Create | Villager (Male) |
| 4:14 | Build | House |
| 4:20 | Create | Villager (Male) |
| 4:29 | Build | House |
| 4:51 | Build | Mill |
| 4:56 | Create | Villager (Male) |
| 4:57 | Create | Villager (Male) |
| 5:28 | Create | Villager (Male) |
| 5:56 | Create | Villager (Male) |
| 6:26 | Create | Villager (Male) |
| 6:27 | Create | Villager (Male) |
| 7:02 | Build | Mill |
| 7:10 | Build | Farm |
| 7:20 | Build | Farm |
| 7:21 | Create | Villager (Male) |
| 7:34 | Create | Villager (Male) |
| 7:35 | Create | Villager (Male) |
| 7:36 | Create | Villager (Male) |
| 7:37 | Create | Villager (Male) |
| 8:06 | Build | Lumber Camp |
| 9:05 | Create | Villager (Male) |
| 9:05 | Create | Villager (Male) |
| 9:35 | Build | House |
| 10:09 | Build | Mining Camp |
| 10:15 | Research | Feudal Age |
| 10:42 | Build | Barracks |
| 10:44 | Build | House |
| 10:46 | Build | House |
| 10:48 | Build | House |
| 12:19 | Create | Villager (Male) |
| 12:19 | Create | Villager (Male) |
| 12:37 | Age | Feudal Age |
| 12:44 | Build | Market |
| 12:59 | Build | Blacksmith |
| 13:06 | Build | House |
| 13:44 | Research | Castle Age |
| 14:00 | Research | Double-Bit Axe |
| 14:50 | Build | Mill |
| 16:24 | Age | Castle Age |
| 16:39 | Build | Town Center |
| 16:55 | Build | Town Center |
| 17:03 | Research | Loom |
| 17:12 | Create | Villager (Male) |
| 17:12 | Create | Villager (Male) |
| 17:58 | Research | Horse Collar |
| 18:19 | Research | Bow Saw |
| 18:23 | Create | Villager (Male) |
| 18:23 | Create | Villager (Male) |
| 18:53 | Research | Fletching |
| 18:56 | Create | Villager (Male) |
| 18:56 | Create | Villager (Male) |
| 19:14 | Create | Villager (Male) |
| 19:14 | Create | Villager (Male) |
| 19:20 | Create | Villager (Male) |
| 19:20 | Create | Villager (Male) |
| 19:32 | Research | Heavy Plow |
| 19:34 | Create | Villager (Male) |
| 20:06 | Build | Farm |
| 20:08 | Create | Villager (Male) |
| 20:22 | Build | Farm |
| 20:23 | Build | Farm |
| 20:28 | Build | Farm |
| 20:29 | Build | Farm |
| 20:30 | Build | Farm |
| 20:32 | Build | Farm |
| 20:33 | Build | Farm |
| 20:40 | Build | Farm |
| 20:54 | Create | Villager (Male) |
| 21:32 | Create | Villager (Male) |
| 21:34 | Create | Villager (Male) |
| 21:40 | Create | Villager (Male) |
| 21:43 | Create | Villager (Male) |
| 21:57 | Create | Villager (Male) |
| 21:59 | Create | Villager (Male) |
| 22:02 | Build | Farm |
| 22:05 | Build | Farm |
| 22:32 | Build | Farm |
| 22:35 | Create | Villager (Male) |
| 22:37 | Create | Villager (Male) |
| 22:40 | Build | Farm |
| 22:44 | Create | Villager (Male) |
| 22:45 | Create | Villager (Male) |
| 23:14 | Build | Farm |
| 23:16 | Create | Villager (Male) |
| 23:18 | Create | Villager (Male) |
| 23:20 | Build | Farm |
| 23:39 | Create | Villager (Male) |
| 23:39 | Create | Villager (Male) |
| 23:54 | Build | Lumber Camp |
| 24:05 | Build | Farm |
| 24:07 | Create | Villager (Male) |
| 24:07 | Create | Villager (Male) |
| 24:09 | Create | Villager (Male) |
| 24:09 | Create | Villager (Male) |
| 24:13 | Build | Farm |
| 24:33 | Build | Castle |
| 24:55 | Build | University |
| 25:07 | Build | Siege Workshop |
| 25:20 | Build | Siege Workshop |
| 25:25 | Create | Villager (Male) |
| 25:25 | Create | Villager (Male) |
| 25:29 | Build | Farm |
| 25:32 | Build | Farm |
| 25:38 | Build | Farm |
| 25:41 | Build | Farm |
| 25:43 | Create | Villager (Male) |
| 25:43 | Create | Villager (Male) |
| 25:55 | Build | Mining Camp |
| 26:02 | Build | Farm |
| 26:17 | Build | House |
| 26:19 | Build | House |
| 26:19 | Build | House |
| 26:20 | Build | House |
| 26:22 | Build | House |
| 26:29 | Build | House |
| 26:30 | Build | House |
| 26:36 | Build | House |
| 26:43 | Research | Imperial Age |
| 26:52 | Create | Villager (Male) |
| 26:52 | Create | Villager (Male) |
| 26:59 | Build | Farm |
| 27:05 | Build | Farm |
| 27:13 | Build | Farm |
| 27:28 | Research | Murder Holes |
| 28:03 | Create | Janissary |
| 28:03 | Create | Janissary |
| 28:03 | Create | Janissary |
| 28:03 | Create | Janissary |
| 28:04 | Create | Janissary |
| 28:04 | Create | Janissary |
| 28:05 | Create | Janissary |
| 28:05 | Create | Janissary |
| 28:05 | Create | Janissary |
| 28:05 | Create | Janissary |
| 28:21 | Research | Padded Archer Armor |
| 29:29 | Build | Castle |
| 29:40 | Create | Janissary |
Build order — -dZ-Slain::.
First 150 of 279 actions detected
| 0:00 | Create | Villager (Male) |
| 0:01 | Create | Villager (Male) |
| 0:01 | Create | Villager (Male) |
| 0:33 | Create | Villager (Male) |
| 0:33 | Create | Villager (Male) |
| 1:20 | Create | Villager (Male) |
| 1:20 | Create | Villager (Male) |
| 1:54 | Create | Villager (Male) |
| 1:54 | Create | Villager (Male) |
| 1:55 | Create | Villager (Male) |
| 2:12 | Create | Villager (Male) |
| 2:12 | Create | Villager (Male) |
| 2:58 | Create | Villager (Male) |
| 2:58 | Create | Villager (Male) |
| 2:59 | Create | Villager (Male) |
| 2:59 | Create | Villager (Male) |
| 3:27 | Build | Mill |
| 3:36 | Create | Villager (Male) |
| 3:37 | Create | Villager (Male) |
| 3:52 | Build | Lumber Camp |
| 4:04 | Create | Villager (Male) |
| 4:05 | Create | Villager (Male) |
| 4:25 | Create | Villager (Male) |
| 4:25 | Create | Villager (Male) |
| 4:56 | Create | Villager (Male) |
| 4:56 | Create | Villager (Male) |
| 4:56 | Create | Villager (Male) |
| 5:09 | Create | Villager (Male) |
| 5:09 | Create | Villager (Male) |
| 5:09 | Create | Villager (Male) |
| 5:22 | Create | Villager (Male) |
| 5:23 | Create | Villager (Male) |
| 5:23 | Create | Villager (Male) |
| 5:49 | Create | Villager (Male) |
| 6:39 | Create | Villager (Male) |
| 6:39 | Create | Villager (Male) |
| 6:39 | Create | Villager (Male) |
| 6:56 | Build | Farm |
| 7:35 | Build | Farm |
| 7:58 | Create | Villager (Male) |
| 7:58 | Create | Villager (Male) |
| 8:00 | Build | Farm |
| 8:25 | Build | Farm |
| 8:36 | Create | Villager (Male) |
| 8:56 | Build | Mining Camp |
| 9:07 | Research | Feudal Age |
| 9:35 | Create | Villager (Male) |
| 9:35 | Create | Villager (Male) |
| 9:35 | Create | Villager (Male) |
| 10:03 | Build | Mining Camp |
| 10:39 | Create | Villager (Male) |
| 10:39 | Create | Villager (Male) |
| 11:23 | Age | Feudal Age |
| 11:29 | Build | Market |
| 12:07 | Build | Blacksmith |
| 12:39 | Research | Castle Age |
| 12:39 | Research | Castle Age |
| 13:13 | Research | Double-Bit Axe |
| 13:31 | Build | Farm |
| 13:38 | Build | Farm |
| 13:43 | Build | Farm |
| 13:56 | Create | Villager (Male) |
| 13:56 | Create | Villager (Male) |
| 13:56 | Create | Villager (Male) |
| 14:12 | Create | Villager (Male) |
| 15:19 | Age | Castle Age |
| 15:25 | Build | Town Center |
| 15:30 | Create | Villager (Male) |
| 15:30 | Create | Villager (Male) |
| 15:30 | Create | Villager (Male) |
| 15:39 | Build | Farm |
| 16:15 | Build | Town Center |
| 17:01 | Create | Villager (Male) |
| 17:02 | Create | Villager (Male) |
| 17:02 | Create | Villager (Male) |
| 17:28 | Create | Villager (Male) |
| 17:40 | Build | Town Center |
| 17:44 | Create | Villager (Male) |
| 17:44 | Create | Villager (Male) |
| 17:44 | Create | Villager (Male) |
| 17:44 | Create | Villager (Male) |
| 17:53 | Create | Villager (Male) |
| 18:22 | Create | Villager (Male) |
| 18:22 | Create | Villager (Male) |
| 18:22 | Create | Villager (Male) |
| 18:41 | Build | Barracks |
| 18:59 | Create | Villager (Male) |
| 19:03 | Create | Villager (Male) |
| 19:04 | Create | Villager (Male) |
| 19:04 | Create | Villager (Male) |
| 19:04 | Create | Villager (Male) |
| 19:23 | Create | Villager (Male) |
| 19:26 | Create | Villager (Male) |
| 19:37 | Build | Farm |
| 19:37 | Build | Farm |
| 19:37 | Build | Farm |
| 19:42 | Build | Farm |
| 19:42 | Build | Farm |
| 19:47 | Build | Farm |
| 19:47 | Build | Farm |
| 20:05 | Create | Villager (Male) |
| 20:06 | Create | Villager (Male) |
| 20:06 | Create | Villager (Male) |
| 20:09 | Create | Villager (Male) |
| 20:09 | Create | Villager (Male) |
| 20:09 | Create | Villager (Male) |
| 20:27 | Build | Farm |
| 20:28 | Build | Farm |
| 20:29 | Build | Farm |
| 20:30 | Build | Farm |
| 20:30 | Build | Farm |
| 20:38 | Create | Villager (Male) |
| 20:38 | Create | Villager (Male) |
| 20:38 | Create | Villager (Male) |
| 20:47 | Build | Farm |
| 20:47 | Build | Farm |
| 20:52 | Build | Farm |
| 21:04 | Build | Farm |
| 21:05 | Build | Farm |
| 21:22 | Build | Stable |
| 21:29 | Build | Monastery |
| 21:37 | Create | Villager (Male) |
| 21:37 | Create | Villager (Male) |
| 21:37 | Create | Villager (Male) |
| 21:37 | Create | Villager (Male) |
| 21:37 | Create | Villager (Male) |
| 21:38 | Create | Villager (Male) |
| 21:38 | Create | Villager (Male) |
| 21:38 | Create | Villager (Male) |
| 22:06 | Create | Villager (Male) |
| 22:07 | Create | Villager (Male) |
| 22:07 | Create | Villager (Male) |
| 22:07 | Create | Villager (Male) |
| 22:08 | Create | Villager (Male) |
| 22:18 | Build | Farm |
| 22:18 | Build | Farm |
| 22:28 | Build | Farm |
| 22:31 | Build | Farm |
| 22:39 | Create | Villager (Male) |
| 22:39 | Create | Villager (Male) |
| 22:39 | Create | Villager (Male) |
| 22:39 | Create | Villager (Male) |
| 22:40 | Create | Villager (Male) |
| 22:40 | Create | Villager (Male) |
| 22:40 | Create | Villager (Male) |
| 22:54 | Build | Stable |
| 22:55 | Build | Stable |
| 22:57 | Build | Stable |
| 22:58 | Build | Stable |
| 22:59 | Build | Stable |
Build order — MK
First 150 of 257 actions detected
| 0:04 | Build | House |
| 0:04 | Create | Villager (Male) |
| 0:04 | Create | Villager (Male) |
| 0:04 | Create | Villager (Male) |
| 0:05 | Create | Villager (Male) |
| 1:18 | Build | House |
| 1:25 | Create | Villager (Male) |
| 1:48 | Build | House |
| 2:01 | Create | Villager (Male) |
| 2:20 | Create | Villager (Male) |
| 2:20 | Create | Villager (Male) |
| 3:01 | Create | Villager (Male) |
| 3:02 | Create | Villager (Male) |
| 3:24 | Create | Villager (Male) |
| 3:48 | Create | Villager (Male) |
| 3:49 | Create | Villager (Male) |
| 3:49 | Create | Villager (Male) |
| 4:38 | Create | Villager (Male) |
| 4:38 | Create | Villager (Male) |
| 4:38 | Create | Villager (Male) |
| 4:38 | Create | Villager (Male) |
| 4:38 | Create | Villager (Male) |
| 5:08 | Build | Mill |
| 5:19 | Create | Villager (Male) |
| 5:43 | Build | House |
| 6:17 | Create | Villager (Male) |
| 6:18 | Create | Villager (Male) |
| 6:50 | Build | Lumber Camp |
| 7:24 | Create | Villager (Male) |
| 7:41 | Build | House |
| 8:00 | Create | Villager (Male) |
| 8:21 | Research | Feudal Age |
| 9:13 | Build | Mill |
| 9:24 | Create | Villager (Male) |
| 9:24 | Create | Villager (Male) |
| 9:25 | Create | Villager (Male) |
| 10:37 | Age | Feudal Age |
| 10:39 | Create | Villager (Male) |
| 10:41 | Research | Horse Collar |
| 11:04 | Research | Double-Bit Axe |
| 11:08 | Build | Market |
| 11:12 | Build | Blacksmith |
| 11:18 | Create | Villager (Male) |
| 11:18 | Create | Villager (Male) |
| 11:38 | Build | House |
| 12:07 | Build | Farm |
| 12:10 | Build | Farm |
| 12:14 | Build | Farm |
| 12:37 | Build | Farm |
| 12:44 | Build | Farm |
| 12:54 | Build | Farm |
| 13:00 | Build | Farm |
| 13:02 | Create | Villager (Male) |
| 13:04 | Create | Villager (Male) |
| 13:07 | Build | Farm |
| 13:24 | Build | Farm |
| 13:52 | Build | House |
| 13:56 | Create | Villager (Male) |
| 14:00 | Build | Farm |
| 14:35 | Research | Castle Age |
| 14:46 | Build | Farm |
| 16:09 | Build | Mining Camp |
| 16:28 | Build | Mining Camp |
| 16:37 | Build | Mill |
| 16:37 | Build | Mill |
| 16:45 | Create | Villager (Male) |
| 16:45 | Create | Villager (Male) |
| 16:45 | Create | Villager (Male) |
| 17:07 | Research | Stone Mining |
| 17:15 | Age | Castle Age |
| 17:17 | Create | Villager (Male) |
| 17:48 | Build | Town Center |
| 18:01 | Build | House |
| 18:04 | Build | House |
| 18:34 | Create | Villager (Male) |
| 18:34 | Create | Villager (Male) |
| 18:40 | Build | House |
| 18:41 | Build | House |
| 18:46 | Create | Villager (Male) |
| 18:47 | Create | Villager (Male) |
| 18:54 | Build | Barracks |
| 19:06 | Build | House |
| 19:06 | Build | House |
| 19:17 | Create | Villager (Male) |
| 19:17 | Create | Villager (Male) |
| 19:28 | Create | Villager (Male) |
| 19:43 | Create | Villager (Male) |
| 19:43 | Create | Villager (Male) |
| 19:44 | Create | Villager (Male) |
| 19:44 | Create | Villager (Male) |
| 19:44 | Create | Villager (Male) |
| 19:44 | Create | Villager (Male) |
| 20:11 | Research | Heavy Plow |
| 20:21 | Build | Archery Range |
| 20:29 | Build | House |
| 20:31 | Build | House |
| 20:32 | Build | House |
| 20:33 | Build | House |
| 20:41 | Create | Villager (Male) |
| 20:43 | Create | Villager (Male) |
| 21:00 | Build | Monastery |
| 21:22 | Create | Spearman |
| 21:22 | Create | Spearman |
| 21:26 | Create | Skirmisher |
| 21:27 | Create | Skirmisher |
| 21:40 | Create | Villager (Male) |
| 21:40 | Create | Villager (Male) |
| 21:40 | Create | Villager (Male) |
| 21:40 | Create | Villager (Male) |
| 21:40 | Create | Villager (Male) |
| 21:41 | Create | Villager (Male) |
| 21:45 | Create | Villager (Male) |
| 21:46 | Create | Villager (Male) |
| 22:22 | Build | Castle |
| 22:38 | Create | Skirmisher |
| 22:38 | Create | Skirmisher |
| 22:40 | Create | Cavalry Archer |
| 23:02 | Create | Villager (Male) ×5 |
| 23:05 | Build | Farm |
| 23:09 | Build | Farm |
| 23:11 | Build | Farm |
| 23:14 | Build | Farm |
| 23:18 | Build | Farm |
| 23:26 | Build | Mining Camp |
| 23:29 | Create | Samurai |
| 23:29 | Create | Samurai |
| 23:29 | Create | Samurai |
| 23:35 | Build | Siege Workshop |
| 23:37 | Create | Monk |
| 23:46 | Create | Villager (Male) |
| 24:14 | Build | Town Center |
| 24:19 | Create | Villager (Male) ×5 |
| 24:40 | Create | Samurai |
| 24:40 | Create | Samurai |
| 24:46 | Build | House |
| 24:47 | Build | House |
| 24:48 | Build | House |
| 24:50 | Build | House |
| 24:50 | Build | House |
| 24:57 | Build | Farm |
| 25:01 | Build | Farm |
| 25:07 | Build | Farm |
| 25:11 | Build | Farm |
| 25:15 | Build | Farm |
| 25:17 | Create | Villager (Male) |
| 25:29 | Build | Farm |
| 25:34 | Build | Farm |
| 25:37 | Build | Farm |
| 25:40 | Create | Villager (Male) ×5 |
| 25:44 | Create | Samurai |
Build order — Biggy
First 150 of 189 actions detected
| 0:04 | Build | House |
| 0:06 | Create | Villager (Male) ×5 |
| 0:06 | Create | Villager (Male) ×5 |
| 0:06 | Create | Villager (Male) |
| 0:07 | Create | Villager (Male) |
| 0:09 | Build | House |
| 0:11 | Build | House |
| 0:13 | Research | Loom |
| 1:11 | Build | House |
| 1:24 | Build | Mill |
| 1:47 | Create | Villager (Male) |
| 2:38 | Create | Villager (Male) |
| 2:50 | Create | Villager (Male) |
| 3:33 | Create | Villager (Male) |
| 3:38 | Create | Villager (Male) |
| 4:05 | Create | Villager (Male) |
| 4:05 | Create | Villager (Male) |
| 4:06 | Create | Villager (Male) |
| 5:19 | Create | Villager (Male) |
| 5:20 | Create | Villager (Male) |
| 5:21 | Create | Villager (Male) |
| 5:31 | Create | Villager (Male) |
| 5:41 | Create | Villager (Male) |
| 7:49 | Create | Villager (Male) |
| 7:49 | Create | Villager (Male) |
| 8:26 | Build | Lumber Camp |
| 8:40 | Create | Villager (Male) |
| 9:13 | Research | Feudal Age |
| 9:44 | Build | House |
| 9:52 | Build | Mining Camp |
| 9:57 | Build | Mining Camp |
| 10:06 | Build | Mill |
| 10:10 | Create | Villager (Male) |
| 11:23 | Age | Feudal Age |
| 11:27 | Build | Stone Wall |
| 11:32 | Build | Gate |
| 11:34 | Build | Gate |
| 11:35 | Build | Gate |
| 11:40 | Create | Villager (Male) |
| 11:52 | Build | Market |
| 12:38 | Create | Villager (Male) |
| 12:42 | Build | Blacksmith |
| 13:42 | Research | Castle Age |
| 13:53 | Build | House |
| 14:14 | Build | House |
| 15:03 | Build | Stone Wall |
| 15:07 | Build | Gate |
| 15:10 | Build | Gate |
| 15:11 | Build | Gate |
| 15:22 | Build | Barracks |
| 15:37 | Create | Villager (Male) ×2 |
| 15:38 | Create | Villager (Male) ×2 |
| 16:13 | Create | Villager (Male) |
| 16:14 | Create | Villager (Male) |
| 16:22 | Age | Castle Age |
| 16:35 | Build | Stable |
| 16:52 | Build | Town Center |
| 17:13 | Research | Double-Bit Axe |
| 17:17 | Build | Farm |
| 17:54 | Create | Villager (Male) |
| 17:58 | Build | Farm |
| 18:19 | Build | Farm |
| 18:34 | Build | Farm |
| 19:07 | Build | University |
| 19:17 | Create | Villager (Male) ×5 |
| 19:29 | Research | Horse Collar |
| 19:38 | Build | Farm |
| 19:53 | Build | Farm |
| 19:54 | Build | Farm |
| 20:16 | Build | Farm |
| 20:29 | Create | Villager (Male) |
| 20:29 | Create | Villager (Male) |
| 20:30 | Create | Villager (Male) |
| 20:44 | Build | Farm |
| 20:48 | Build | Farm |
| 20:58 | Create | Villager (Male) |
| 21:17 | Build | House |
| 21:35 | Create | Villager (Male) |
| 21:35 | Create | Villager (Male) |
| 21:46 | Build | Monastery |
| 21:55 | Build | House |
| 22:02 | Create | Villager (Male) |
| 22:12 | Create | Villager (Male) |
| 22:25 | Create | Monk |
| 22:26 | Create | Monk |
| 22:30 | Research | Fervor |
| 22:30 | Research | Sanctity |
| 22:33 | Create | Monk |
| 22:37 | Create | Villager (Male) |
| 22:41 | Create | Villager (Male) |
| 23:16 | Build | Farm |
| 23:23 | Create | Villager (Male) |
| 23:25 | Create | Villager (Male) |
| 23:25 | Create | Villager (Male) |
| 23:31 | Build | Town Center |
| 23:44 | Build | House |
| 23:46 | Build | House |
| 23:47 | Build | House |
| 23:55 | Build | Farm |
| 23:57 | Create | Villager (Male) |
| 23:59 | Create | Villager (Male) |
| 24:14 | Build | House |
| 24:15 | Build | House |
| 24:29 | Create | Villager (Male) |
| 24:57 | Build | Farm |
| 24:59 | Build | Mill |
| 25:01 | Build | Farm |
| 25:02 | Build | Farm |
| 25:04 | Build | Farm |
| 25:05 | Build | Mill |
| 25:11 | Build | Farm |
| 25:12 | Build | Farm |
| 25:38 | Create | Villager (Male) |
| 25:49 | Research | Wheelbarrow |
| 25:57 | Build | Farm |
| 26:22 | Build | House |
| 26:23 | Build | House |
| 26:25 | Build | House |
| 26:33 | Research | Heavy Plow |
| 26:35 | Research | Bow Saw |
| 27:09 | Research | Fortified Wall (upgrade) |
| 27:22 | Research | Bloodlines |
| 27:29 | Create | Villager (Male) |
| 27:33 | Create | Villager (Male) |
| 27:42 | Research | Treadmill Crane |
| 27:57 | Create | Villager (Male) ×3 |
| 28:09 | Research | Gold Mining |
| 28:45 | Build | Castle |
| 29:12 | Create | Villager (Male) |
| 29:20 | Create | Villager (Male) |
| 29:22 | Create | Villager (Male) |
| 29:22 | Create | Villager (Male) |
| 29:25 | Create | Villager (Male) |
| 29:26 | Create | Villager (Male) |
| 29:57 | Build | Siege Workshop |
| 30:08 | Create | Villager (Male) ×5 |
| 30:19 | Build | Town Center |
| 31:17 | Build | Stable |
| 31:19 | Build | Stable |
| 31:33 | Create | Battering Ram |
| 31:34 | Create | Battering Ram |
| 31:57 | Build | Mill |
| 32:13 | Build | Mining Camp |
| 32:37 | Create | Villager (Male) ×5 |
| 32:43 | Research | Hand Cart |
| 33:28 | Build | Mining Camp |
| 33:34 | Build | Farm |
| 33:35 | Build | Farm |
| 33:37 | Build | Farm |
| 33:38 | Build | Farm |
Build order — vserna.cas
First 150 of 273 actions detected
| 0:08 | Build | House |
| 0:22 | Create | Villager (Male) |
| 0:22 | Create | Villager (Male) |
| 0:23 | Create | Villager (Male) |
| 0:23 | Create | Villager (Male) |
| 0:23 | Create | Villager (Male) |
| 0:23 | Create | Villager (Male) |
| 0:23 | Create | Villager (Male) |
| 1:48 | Build | House |
| 1:50 | Build | House |
| 1:59 | Build | Lumber Camp |
| 2:05 | Create | Villager (Male) |
| 2:06 | Create | Villager (Male) |
| 2:17 | Create | Villager (Male) |
| 2:46 | Create | Villager (Male) |
| 3:10 | Create | Villager (Male) |
| 3:34 | Create | Villager (Male) |
| 4:07 | Build | Mill |
| 4:13 | Create | Villager (Male) |
| 4:44 | Research | Loom |
| 4:57 | Create | Villager (Male) |
| 5:30 | Create | Villager (Male) |
| 5:50 | Create | Villager (Male) |
| 6:17 | Create | Villager (Male) |
| 6:18 | Create | Villager (Male) |
| 6:34 | Build | Mill |
| 6:39 | Create | Villager (Male) |
| 7:02 | Build | House |
| 7:03 | Build | House |
| 7:34 | Create | Villager (Male) |
| 7:35 | Create | Villager (Male) |
| 8:07 | Create | Villager (Male) |
| 8:35 | Create | Villager (Male) |
| 9:02 | Research | Feudal Age |
| 9:57 | Build | Mining Camp |
| 11:05 | Build | House |
| 11:08 | Build | House |
| 11:29 | Age | Feudal Age |
| 11:44 | Build | Market |
| 11:53 | Create | Villager (Male) |
| 11:53 | Create | Villager (Male) |
| 12:01 | Research | Horse Collar |
| 12:48 | Build | Mining Camp |
| 12:53 | Create | Villager (Male) |
| 13:08 | Build | Blacksmith |
| 13:24 | Create | Villager (Male) |
| 13:54 | Research | Castle Age |
| 14:03 | Build | House |
| 14:03 | Build | House |
| 14:16 | Build | Stone Wall |
| 14:21 | Build | Gate |
| 14:38 | Build | Gate |
| 16:18 | Build | House |
| 16:19 | Build | House |
| 16:33 | Build | Farm |
| 16:34 | Age | Castle Age |
| 16:35 | Build | Farm |
| 16:36 | Build | Farm |
| 16:37 | Build | Farm |
| 16:39 | Build | Farm |
| 16:42 | Build | Farm |
| 16:54 | Build | Town Center |
| 16:59 | Create | Villager (Male) |
| 16:59 | Create | Villager (Male) |
| 16:59 | Create | Villager (Male) |
| 16:59 | Create | Villager (Male) |
| 17:53 | Create | Villager (Male) |
| 17:58 | Create | Villager (Male) |
| 17:58 | Create | Villager (Male) |
| 17:59 | Create | Villager (Male) |
| 18:37 | Build | Monastery |
| 19:08 | Create | Villager (Male) |
| 19:09 | Create | Villager (Male) |
| 19:12 | Create | Villager (Male) |
| 19:13 | Create | Villager (Male) |
| 19:13 | Create | Villager (Male) |
| 19:20 | Build | Farm |
| 19:21 | Build | Farm |
| 19:29 | Build | Farm |
| 19:31 | Build | Farm |
| 19:32 | Build | Farm |
| 19:42 | Build | Farm |
| 19:49 | Create | Villager (Male) |
| 19:49 | Create | Villager (Male) |
| 19:59 | Create | Monk |
| 19:59 | Create | Monk |
| 19:59 | Create | Monk |
| 20:24 | Create | Villager (Male) |
| 20:24 | Create | Villager (Male) |
| 20:25 | Create | Villager (Male) |
| 20:31 | Create | Villager (Male) |
| 20:32 | Create | Villager (Male) |
| 20:59 | Build | Farm |
| 21:00 | Build | Farm |
| 21:03 | Build | Farm |
| 21:04 | Build | Farm |
| 21:06 | Build | Farm |
| 21:23 | Build | House |
| 21:24 | Build | House |
| 21:25 | Build | House |
| 21:26 | Build | House |
| 21:38 | Build | Farm |
| 21:42 | Create | Villager (Male) |
| 21:42 | Create | Villager (Male) |
| 21:46 | Create | Villager (Male) |
| 21:49 | Create | Villager (Male) |
| 21:49 | Create | Villager (Male) |
| 21:50 | Create | Villager (Male) |
| 22:46 | Build | Lumber Camp |
| 22:50 | Create | Villager (Male) |
| 22:50 | Create | Villager (Male) |
| 22:51 | Create | Villager (Male) |
| 22:55 | Create | Villager (Male) |
| 22:55 | Create | Villager (Male) |
| 22:56 | Create | Villager (Male) |
| 23:09 | Build | Town Center |
| 23:50 | Create | Villager (Male) |
| 23:51 | Create | Villager (Male) |
| 23:51 | Create | Villager (Male) |
| 23:51 | Create | Villager (Male) |
| 23:55 | Create | Villager (Male) |
| 23:55 | Create | Villager (Male) |
| 23:56 | Create | Villager (Male) |
| 23:57 | Create | Villager (Male) |
| 24:04 | Build | Farm |
| 24:06 | Build | Farm |
| 24:07 | Build | Farm |
| 24:10 | Build | Farm |
| 24:12 | Build | Farm |
| 24:15 | Build | Farm |
| 24:20 | Create | Villager (Male) |
| 24:20 | Create | Villager (Male) |
| 24:20 | Create | Villager (Male) |
| 25:33 | Build | House |
| 25:35 | Build | House |
| 25:36 | Build | House |
| 25:36 | Build | House |
| 25:43 | Create | Villager (Male) |
| 25:44 | Create | Villager (Male) |
| 25:44 | Create | Villager (Male) |
| 25:49 | Create | Villager (Male) |
| 25:49 | Create | Villager (Male) |
| 25:49 | Create | Villager (Male) |
| 25:53 | Create | Villager (Male) |
| 25:54 | Create | Villager (Male) |
| 25:54 | Create | Villager (Male) |
| 26:09 | Build | Mill |
| 26:14 | Build | Farm |
| 26:15 | Build | Farm |
| 26:16 | Build | Farm |
Build order — WALTER SINGH
First 150 of 255 actions detected
| 0:05 | Build | House |
| 0:08 | Build | House |
| 0:12 | Build | House |
| 0:34 | Create | Villager (Male) |
| 0:34 | Create | Villager (Male) |
| 0:35 | Create | Villager (Male) |
| 0:35 | Create | Villager (Male) |
| 0:35 | Create | Villager (Male) |
| 0:36 | Create | Villager (Male) |
| 1:51 | Create | Villager (Male) |
| 2:25 | Create | Villager (Male) |
| 2:25 | Create | Villager (Male) |
| 2:25 | Create | Villager (Male) |
| 3:03 | Create | Villager (Male) |
| 3:03 | Create | Villager (Male) |
| 3:56 | Create | Villager (Male) |
| 3:56 | Create | Villager (Male) |
| 3:56 | Create | Villager (Male) |
| 4:07 | Build | Lumber Camp |
| 4:35 | Create | Villager (Male) |
| 5:14 | Create | Villager (Male) |
| 5:15 | Create | Villager (Male) |
| 5:54 | Create | Villager (Male) |
| 5:54 | Create | Villager (Male) |
| 6:32 | Build | Mill |
| 7:05 | Create | Villager (Male) |
| 7:06 | Create | Villager (Male) |
| 7:42 | Build | Barracks |
| 8:23 | Build | Mill |
| 8:45 | Research | Feudal Age |
| 9:47 | Build | Mining Camp |
| 10:55 | Age | Feudal Age |
| 10:56 | Create | Villager (Male) |
| 10:56 | Create | Villager (Male) |
| 11:08 | Create | Villager (Male) |
| 11:41 | Create | Villager (Male) |
| 12:10 | Build | Market |
| 12:15 | Build | Blacksmith |
| 12:29 | Create | Villager (Male) |
| 14:02 | Build | Stable |
| 14:16 | Build | Stable |
| 14:51 | Build | Mill |
| 15:26 | Research | Castle Age |
| 16:07 | Build | Mining Camp |
| 16:27 | Research | Bloodlines |
| 17:21 | Research | Horse Collar |
| 17:46 | Research | Double-Bit Axe |
| 18:06 | Age | Castle Age |
| 18:10 | Build | Town Center |
| 18:18 | Build | Town Center |
| 18:58 | Research | Light Cavalry (upgrade) |
| 19:25 | Create | Villager (Male) |
| 19:25 | Create | Villager (Male) |
| 19:25 | Create | Villager (Male) |
| 19:26 | Create | Villager (Male) |
| 19:26 | Create | Villager (Male) |
| 19:26 | Create | Villager (Male) |
| 19:26 | Create | Villager (Male) |
| 20:05 | Build | Farm |
| 20:07 | Build | Farm |
| 20:09 | Build | Farm |
| 20:10 | Build | Farm |
| 20:14 | Build | Farm |
| 20:22 | Create | Villager (Male) |
| 20:23 | Create | Villager (Male) |
| 20:28 | Create | Villager (Male) |
| 20:28 | Create | Villager (Male) |
| 20:29 | Create | Villager (Male) |
| 20:29 | Create | Villager (Male) |
| 21:13 | Create | Villager (Male) |
| 21:21 | Build | Farm |
| 21:23 | Build | Farm |
| 21:28 | Create | Villager (Male) |
| 21:29 | Create | Villager (Male) |
| 21:29 | Create | Villager (Male) |
| 21:42 | Create | Villager (Male) |
| 21:43 | Create | Villager (Male) |
| 21:43 | Create | Villager (Male) |
| 21:43 | Create | Villager (Male) |
| 21:43 | Create | Villager (Male) |
| 22:21 | Create | Villager (Male) |
| 22:22 | Create | Villager (Male) |
| 22:22 | Create | Villager (Male) |
| 22:22 | Create | Villager (Male) |
| 22:39 | Build | Farm |
| 22:41 | Build | Farm |
| 22:54 | Create | Villager (Male) |
| 22:54 | Create | Villager (Male) |
| 22:54 | Create | Villager (Male) |
| 22:55 | Create | Villager (Male) |
| 23:15 | Create | Villager (Male) |
| 23:15 | Create | Villager (Male) |
| 23:15 | Create | Villager (Male) |
| 23:15 | Create | Villager (Male) |
| 23:16 | Create | Villager (Male) |
| 23:40 | Build | House |
| 23:40 | Build | House |
| 23:41 | Build | House |
| 23:41 | Build | House |
| 23:42 | Build | House |
| 23:42 | Build | House |
| 23:42 | Build | House |
| 23:43 | Build | House |
| 23:58 | Create | Villager (Male) |
| 23:59 | Create | Villager (Male) |
| 23:59 | Create | Villager (Male) |
| 23:59 | Create | Villager (Male) |
| 23:59 | Create | Villager (Male) |
| 24:49 | Build | Castle |
| 24:56 | Create | Villager (Male) |
| 24:56 | Create | Villager (Male) |
| 24:56 | Create | Villager (Male) |
| 24:57 | Create | Villager (Male) |
| 24:57 | Create | Villager (Male) |
| 24:57 | Create | Villager (Male) |
| 25:31 | Create | Villager (Male) |
| 25:32 | Create | Villager (Male) |
| 25:32 | Create | Villager (Male) |
| 25:32 | Create | Villager (Male) |
| 25:33 | Create | Villager (Male) |
| 25:33 | Create | Villager (Male) |
| 25:39 | Build | Farm |
| 25:40 | Build | Farm |
| 25:42 | Build | Farm |
| 25:43 | Build | Farm |
| 25:47 | Build | Farm |
| 25:50 | Build | Farm |
| 25:51 | Build | Farm |
| 26:31 | Research | Stone Mining |
| 26:33 | Research | Gold Mining |
| 26:38 | Research | Gold Mining |
| 26:45 | Create | Villager (Male) |
| 27:15 | Build | Farm |
| 27:16 | Build | Farm |
| 27:17 | Build | Farm |
| 27:19 | Build | Farm |
| 27:38 | Build | Mining Camp |
| 27:48 | Create | Villager (Male) |
| 27:48 | Create | Villager (Male) |
| 27:49 | Create | Villager (Male) |
| 27:49 | Create | Villager (Male) |
| 27:49 | Create | Villager (Male) |
| 27:50 | Create | Villager (Male) |
| 28:20 | Build | Farm |
| 28:21 | Build | Farm |
| 28:23 | Build | Farm |
| 28:24 | Build | Farm |
| 28:25 | Build | Farm |
| 28:31 | Create | Villager (Male) |
| 28:31 | Create | Villager (Male) |
Build order — dsadqda
First 150 of 237 actions detected
| 0:18 | Create | Villager (Male) |
| 0:18 | Create | Villager (Male) |
| 0:24 | Build | House |
| 0:27 | Build | House |
| 0:48 | Create | Villager (Male) |
| 0:48 | Create | Villager (Male) |
| 1:16 | Build | Lumber Camp |
| 2:33 | Create | Villager (Male) |
| 2:34 | Create | Villager (Male) |
| 2:34 | Create | Villager (Male) |
| 3:49 | Create | Villager (Male) |
| 3:49 | Create | Villager (Male) |
| 4:35 | Create | Villager (Male) |
| 4:36 | Create | Villager (Male) |
| 4:37 | Create | Villager (Male) |
| 4:37 | Create | Villager (Male) |
| 4:37 | Create | Villager (Male) |
| 4:51 | Build | House |
| 5:56 | Create | Villager (Male) |
| 5:56 | Create | Villager (Male) |
| 6:38 | Create | Villager (Male) |
| 6:38 | Create | Villager (Male) |
| 7:12 | Create | Villager (Male) |
| 7:12 | Create | Villager (Male) |
| 8:05 | Build | Mill |
| 8:36 | Research | Feudal Age |
| 9:01 | Build | House |
| 9:04 | Build | House |
| 9:07 | Build | House |
| 9:27 | Create | Villager (Male) |
| 9:27 | Create | Villager (Male) |
| 10:37 | Build | Mining Camp |
| 10:46 | Age | Feudal Age |
| 10:55 | Build | Mining Camp |
| 11:36 | Create | Villager (Male) |
| 11:37 | Create | Villager (Male) |
| 11:37 | Create | Villager (Male) |
| 11:39 | Research | Horse Collar |
| 11:56 | Research | Double-Bit Axe |
| 12:00 | Create | Villager (Male) |
| 12:29 | Create | Villager (Male) |
| 12:29 | Create | Villager (Male) |
| 12:30 | Create | Villager (Male) |
| 12:30 | Create | Villager (Male) |
| 12:30 | Create | Villager (Male) |
| 12:32 | Research | Loom |
| 13:06 | Build | Farm |
| 13:12 | Build | Farm |
| 13:30 | Create | Villager (Male) |
| 13:31 | Create | Villager (Male) |
| 13:38 | Build | Farm |
| 13:39 | Build | Farm |
| 13:40 | Build | Farm |
| 13:42 | Build | Farm |
| 13:51 | Build | Farm |
| 14:07 | Build | Farm |
| 14:45 | Build | Blacksmith |
| 14:50 | Build | House |
| 14:53 | Build | House |
| 15:19 | Build | Market |
| 15:24 | Create | Villager (Male) |
| 15:24 | Create | Villager (Male) |
| 15:25 | Create | Villager (Male) |
| 15:26 | Create | Villager (Male) |
| 15:36 | Create | Villager (Male) |
| 15:36 | Create | Villager (Male) |
| 15:58 | Build | Farm |
| 16:11 | Build | Farm |
| 16:19 | Build | Farm |
| 16:20 | Build | Farm |
| 16:21 | Build | Farm |
| 16:23 | Build | Farm |
| 16:25 | Build | Farm |
| 16:52 | Build | Barracks |
| 17:04 | Create | Villager (Male) |
| 18:25 | Research | Castle Age |
| 18:56 | Build | Farm |
| 19:16 | Build | Barracks |
| 19:24 | Create | Spearman |
| 19:24 | Create | Spearman |
| 19:36 | Create | Villager (Male) |
| 19:36 | Create | Villager (Male) |
| 19:43 | Research | Gold Mining |
| 19:46 | Research | Stone Mining |
| 20:46 | Build | Mining Camp |
| 20:52 | Create | Spearman |
| 21:05 | Age | Castle Age |
| 21:39 | Build | House |
| 21:58 | Build | Monastery |
| 22:18 | Build | Town Center |
| 22:23 | Create | Villager (Male) |
| 22:23 | Create | Villager (Male) |
| 22:23 | Create | Villager (Male) |
| 22:23 | Create | Villager (Male) |
| 22:24 | Create | Villager (Male) |
| 22:26 | Research | Heavy Plow |
| 22:29 | Research | Bow Saw |
| 23:26 | Build | Castle |
| 23:44 | Build | House |
| 23:47 | Build | House |
| 23:50 | Build | House |
| 23:55 | Build | House |
| 23:59 | Build | House |
| 24:01 | Build | House |
| 24:02 | Build | House |
| 24:17 | Build | Archery Range |
| 24:30 | Create | Monk |
| 25:04 | Build | University |
| 25:54 | Create | Villager (Male) |
| 25:54 | Create | Villager (Male) |
| 25:54 | Create | Villager (Male) |
| 25:54 | Create | Villager (Male) |
| 25:55 | Create | Villager (Male) |
| 25:55 | Create | Villager (Male) |
| 25:55 | Create | Villager (Male) |
| 25:55 | Create | Villager (Male) |
| 25:56 | Create | Villager (Male) |
| 25:56 | Create | Villager (Male) |
| 25:56 | Create | Villager (Male) |
| 25:57 | Create | Villager (Male) |
| 25:57 | Create | Villager (Male) |
| 25:57 | Create | Villager (Male) |
| 25:59 | Research | Wheelbarrow |
| 25:59 | Research | Town Watch |
| 26:14 | Build | University |
| 26:28 | Research | Fletching |
| 26:31 | Research | Forging |
| 26:31 | Research | Scale Mail Armor |
| 26:49 | Build | Lumber Camp |
| 27:36 | Build | Archery Range |
| 27:55 | Research | Imperial Age |
| 27:58 | Research | Town Watch |
| 27:59 | Create | Villager (Male) |
| 27:59 | Create | Villager (Male) |
| 28:00 | Create | Villager (Male) |
| 28:02 | Create | Villager (Male) |
| 28:31 | Build | Farm |
| 28:32 | Build | Farm |
| 28:33 | Build | Farm |
| 28:35 | Build | Farm |
| 28:37 | Build | Farm |
| 28:39 | Build | Farm |
| 28:50 | Build | Farm |
| 29:28 | Build | Farm |
| 29:36 | Build | Farm |
| 30:03 | Build | Archery Range |
| 31:09 | Age | Imperial Age |
| 31:18 | Research | Chemistry |
| 31:23 | Research | Anarchy |
| 31:25 | Create | Trebuchet (Packed) |
Match timeline
| 7:42 | WALTER SINGH · first_building Barracks |
| 10:37 | MK · age_up feudal |
| 10:39 | Shazam · age_up feudal |
| 10:42 | AlanBraga · first_building Barracks |
| 10:46 | dsadqda · age_up feudal |
| 10:55 | WALTER SINGH · age_up feudal |
| 11:23 | -dZ-Slain::. · age_up feudal |
| 11:23 | Biggy · age_up feudal |
| 11:27 | Biggy · wall_segment Stone Wall x27 |
| 11:29 | vserna.cas · age_up feudal |
| 12:37 | AlanBraga · age_up feudal |
| 13:56 | Shazam · first_building Barracks |
| 14:02 | WALTER SINGH · first_building Stable |
| 14:11 | MK · first_market_sell 100 wood |
| 14:16 | vserna.cas · wall_segment Stone Wall x1 |
| 15:03 | Biggy · wall_segment Stone Wall x32 |
| 15:07 | Shazam · age_up castle |
| 15:19 | -dZ-Slain::. · age_up castle |
| 15:22 | Biggy · first_building Barracks |
| 16:22 | Biggy · age_up castle |
| 16:24 | AlanBraga · age_up castle |
| 16:34 | vserna.cas · age_up castle |
| 16:35 | Biggy · first_building Stable |
| 16:52 | dsadqda · first_building Barracks |
| 17:15 | MK · age_up castle |
| 17:49 | -dZ-Slain::. · first_market_buy 100 food |
| 18:06 | WALTER SINGH · age_up castle |
| 18:37 | vserna.cas · first_building Monastery |
| 18:41 | -dZ-Slain::. · first_building Barracks |
| 18:54 | MK · first_building Barracks |
| 19:07 | WALTER SINGH · first_market_sell 100 wood |
| 19:10 | WALTER SINGH · first_market_buy 100 food |
| 20:21 | MK · first_building Archery Range |
| 21:00 | MK · first_building Monastery |
| 21:05 | dsadqda · age_up castle |
| 21:22 | -dZ-Slain::. · first_building Stable |
| 21:25 | Shazam · first_building Archery Range |
| 21:29 | -dZ-Slain::. · first_building Monastery |
| 21:46 | Biggy · first_building Monastery |
| 21:58 | dsadqda · first_building Monastery |
| 22:16 | Shazam · first_building Castle |
| 22:22 | MK · first_building Castle |
| 23:26 | dsadqda · first_building Castle |
| 23:35 | MK · first_building Siege Workshop |
| 24:15 | -dZ-Slain::. · first_building Castle |
| 24:17 | dsadqda · first_building Archery Range |
| 24:33 | AlanBraga · first_building Castle |
| 24:49 | WALTER SINGH · first_building Castle |
| 25:07 | AlanBraga · first_building Siege Workshop |
| 26:31 | -dZ-Slain::. · first_market_sell 100 stone |
| 27:45 | Shazam · wall_segment Palisade Wall x1 |
| 28:45 | Biggy · first_building Castle |
| 29:16 | WALTER SINGH · first_building Monastery |
| 29:17 | AlanBraga · first_market_buy 100 stone |
| 29:37 | Shazam · first_building Siege Workshop |
| 29:48 | Shazam · first_building Stable |
| 29:53 | AlanBraga · age_up imperial |
| 29:57 | Biggy · first_building Siege Workshop |
| 30:32 | AlanBraga · first_market_sell 100 stone |
| 30:32 | -dZ-Slain::. · age_up imperial |
| 31:09 | dsadqda · age_up imperial |
| 31:14 | vserna.cas · first_building Castle |
| 31:15 | Shazam · age_up imperial |
| 32:09 | vserna.cas · age_up imperial |
| 32:46 | dsadqda · first_market_sell 100 stone |
| 32:52 | WALTER SINGH · age_up imperial |
| 34:40 | vserna.cas · first_building Siege Workshop |
| 34:53 | vserna.cas · first_building Barracks |
| 34:53 | Biggy · first_market_sell 500 wood |
| 36:48 | vserna.cas · first_building Stable |
| 37:07 | AlanBraga · resign |
| 37:31 | Biggy · age_up imperial |
| 38:19 | MK · age_up imperial |
[ AI ANALYSIS · 1 CREDIT ]
What really happened in this match?
Wolo.gg analyzes every decision: build order, eco, micro, common mistakes by bracket. Personalized analysis on WhatsApp or Discord in 30 seconds.
Civ guide
Mongols
Perfil
Shazam